 Dungeon Crawl Stone Soup version 0.24.0 (webtiles) character file.

Game seed: 17368152577627473286, levelgen mode: deterministic

154 Ayyar the Ruffian (level 5, -2/50 HPs)
             Began as an Ogre Transmuter on May 3, 2020.
             Slain by an orc
             ... wielding a +0 trident
              (10 damage)
             ... on level 3 of the Dungeon.
             The game lasted 00:17:00 (3612 turns).

Ayyar the Ruffian (Ogre Transmuter)                 Turns: 3612, Time: 00:17:01

Health: -2/50      AC:  4    Str: 13 (14) XL:     5   Next: 35%
Magic:  6/9        EV: 10    Int: 13 (15) God:
Gold:   79         SH:  0    Dex:  7 (9)  Spells: 7/10 levels left

rFire    . . .     SeeInvis .     - Unarmed
rCold    . . .     Gourm    .   (no shield)
rNeg     . . .     Faith    .   b - +0 robe
rPois    .         Spirit   .   (helmet restricted)
rElec    .         Reflect  .   n - +0 cloak
rCorr    .         Harm     .   (gloves unavailable)
MR       .....                  (boots unavailable)
Stlth    +.........             (no amulet)
HPRegen  0.16/turn              (no ring)
MPRegen  0.11/turn              (no ring)

@: lethally poisoned (-2 -> -8)
A: large, unfitting armour, tough skin 1
a: no special abilities


You were on level 3 of the Dungeon.
You were hungry.

You visited 1 branch of the dungeon, and saw 3 of its levels.
You also visited: Sewer.

You collected 79 gold pieces.

Inventory:

Missiles
 a - 40 arrows
 e - 29 poisoned darts (quivered)
Armour
 b - a +0 robe (worn)
 n - a +0 cloak (worn)
Scrolls
 c - 6 scrolls of identify {unknown}
 f - a scroll of enchant weapon {unknown}
 h - 3 scrolls of remove curse
 j - 2 scrolls of blinking {unknown}
 k - a scroll of enchant armour {unknown}
 l - 2 scrolls of fear {unknown}
 m - a scroll of random uselessness {unknown}
 o - a scroll of teleportation {unknown}
 p - 2 scrolls of fog {unknown}
Potions
 g - 2 potions of magic {unknown}
Comestibles
 d - 5 rations


   Skills:
 + Level 2.5 Fighting
 + Level 1.3 Throwing
 + Level 2.4 Dodging
 * Level 3.8 Unarmed Combat
 + Level 3.1 Spellcasting
 + Level 2.4 Transmutations


You had 7 spell levels left.
You knew the following spells:

 Your Spells              Type           Power        Failure   Level  Hunger
a - Beastly Appendage     Tmut           #.....       9%          1    #......
b - Sticks to Snakes      Tmut           #.......     13%         2    ##.....

Your spell library contained the following spells:

 Spells                   Type           Power        Failure   Level  Hunger
 Spider Form              Tmut/Pois      #.........   38%         3    ###....
 Ice Form                 Ice/Tmut       #.......     80%         4    #####..
 Blade Hands              Tmut           #.........   93%         5    ######.


Dungeon Overview and Level Annotations

Branches:
Dungeon (3/15)              Sewer (visited)

Altars:
Vehumet
The Shining One


Innate Abilities, Weirdness & Mutations

You are too large for most types of armour.
You have tough skin. (AC +1)


Message History

The adder is almost dead.
You feel sick.
Your adder bites the adder.
The adder dies!
The orc hits you from afar with a +0 trident.
* * * LOW HITPOINT WARNING * * *
You feel sick.
You swap places.
You feel sick.
Your adder bites the orc but does no damage.
The orc hits your adder but does no damage.
Your adder barely misses the orc.
You feel sick.
Your adder bites the orc but does no damage.
You feel sick.
Your adder bites the orc but does no damage.
Your adder closely misses the orc.
The orc closely misses you. The orc barely misses your adder.
Your adder bites the orc.
The orc is poisoned.
Your adder poisons the orc!
Your adder bites the orc.
The orc hits you from afar with a +0 trident!
You die...

...## #....... ....#
#... ... ....# #..# ###
#.#.# #..# ### #.#.#
####..#######.##
#.#.####.......+So.o..#
#.#..........###o#
........#....# #S#
#.####..#.#..###@###...
#.# #.#.............#
#.# #....#......#####
#.# ###..###...## #.#
#..# #..## ... ....
#..# ..# ##........
###.## #.#


You could see 2 orcs and 2 friendly adders.

Vanquished Creatures
  2 river rats (Sewer)
  6 adders
  An ooze (D:1)
  A dart slug (D:2)
  An orc (D:3)
  2 giant cockroaches (D:3)
  7 hobgoblins
  8 jackals
  A kobold (D:1)
  A quokka (D:2)
  6 ball pythons
  5 bats
  6 frilled lizards
  7 goblins
  9 rats
63 creatures vanquished.

Vanquished Creatures (collateral kills)
  2 adders
  A worm (D:2)
  An orc (D:3)
  A giant cockroach (D:3)
  A quokka (D:2)
6 creatures vanquished.

Grand Total: 69 creatures vanquished

Notes
Turn   | Place    | Note
-------+----------+-------------------------------------------
     0 | D:1      | Ayyar the Ogre Transmuter began the quest for the Orb.
     0 | D:1      | Reached XP level 1. HP: 19/19 MP: 3/3
   261 | D:1      | Reached XP level 2. HP: 13/27 MP: 3/5
   877 | D:1      | Learned a level 2 spell: Sticks to Snakes
  1120 | D:2      | Reached XP level 3. HP: 30/35 MP: 5/7
  1561 | D:2      | Found a glowing golden altar of the Shining One.
  2118 | D:2      | Reached XP level 4. HP: 42/42 MP: 6/8
  2311 | D:3      | Found a glowing drain.
  2368 | Sewer    | Entered a sewer
  2576 | Sewer    | Reached skill level 1 in Throwing
  2749 | Sewer    | Reached XP level 5. HP: 11/50 MP: 7/9
  3587 | D:3      | Found a radiant altar of Vehumet.
  3612 | D:3      | Slain by an orc

Levels and vault maps discovered:
D:1:      minmay_arrival_widening_spiral_wide, layout_loops_corners
D:2:      minmay_general_purpose_star, layout_basic, minmay_hedge_maze,
          tso_metal_star
D:3:      layout_loops_ring, lemuel_doored_altar, first_ration,
          gup_sewer_entry_glass, elyvilon_altar_3
